 Dungeon Crawl Stone Soup version 0.19.1-1-g22dce08 (webtiles) character file.

188 McKennaii the Magician (level 5, 0/31 HPs)
             Began as a High Elf Wizard on Jan 4, 2017.
             Succumbed to a worker ant's poison
             ... on level 4 of the Dungeon.
             The game lasted 00:16:32 (1709 turns).

McKennaii the Magician (High Elf Wizard)            Turns: 1709, Time: 00:16:32

Health: 0/31       AC:  2    Str:  6    XL:     5   Next: 39%
Magic:  8/14       EV: 13    Int: 22    God:
Gold:   94         SH:  0    Dex: 14    Spells: 3 memorised, 9 levels left

rFire  . . .     SeeInvis .     (no weapon)
rCold  . . .     Gourm    .     a - +0 robe
rNeg   . . .     Faith    .     (no shield)
rPois  .         Spirit   .     b - +0 hat
rElec  .         Reflect  .     (no cloak)
rCorr  .         Harm     .     (no gloves)
MR     .....                    (no boots)
Stlth  ++........               (no amulet)
                                (no ring)
                                (no ring)

@: lethally poisoned (0 -> -15)
A: no striking features
a: no special abilities


You were on level 4 of the Dungeon.
You were not hungry.

You visited 1 branch of the dungeon, and saw 4 of its levels.

You collected 94 gold pieces.

Inventory:

Armour
 a - a +0 robe (worn)
 b - a +0 hat (worn)
Jewellery
 k - a +2 amulet of reflection
Wands
 h - a wand of random effects (33/48)
Scrolls
 e - a scroll of identify
 f - a scroll of random uselessness {unknown}
 g - a scroll of enchant armour {unknown}
 i - a scroll of remove curse {unknown}
Books
 c - a book of Minor Magic

   Spells                             Type                      Level
   a - Magic Dart                     Conjuration                  1
   b - Blink                          Translocation                2
   c - Call Imp                       Summoning                    2
   d - Repel Missiles                 Charms/Air                   2
   e - Slow                           Hexes                        2
   f - Conjure Flame                  Conjuration/Fire             3
   g - Mephitic Cloud                 Conjuration/Poison/Air       3
Comestibles
 d - 2 bread rations
 j - a royal jelly


   Skills:
 + Level 2.9 Dodging
 + Level 2.9 Stealth
 + Level 0.7 Unarmed Combat
 + Level 5.5 Spellcasting
 + Level 2.7 Conjurations
   Level 0.8 Summonings
   Level 1.1 Translocations
 + Level 0.2 Fire Magic


You had 9 spell levels left.
You knew the following spells:

 Your Spells              Type           Power        Failure   Level  Hunger
a - Magic Dart            Conj           ###.         3%          1    None
b - Conjure Flame         Conj/Fire      ##......     17%         3    ##.....
c - Slow                  Hex            #.......     17%         2    None


Dungeon Overview and Level Annotations

Branches:
Dungeon (4/15)
 Temple: D:4-7

Altars:
Gozag
Nemelex Xobeh
Ru
Trog


Message History

The worker ant closely misses you. The worker ant bites you.
* * * LOW HITPOINT WARNING * * *
You are lethally poisoned!
The worker ant poisons you!
* * * LOW HITPOINT WARNING * * *
You feel sick.
Casting: Slow
Confirm with . or Enter, or press ? or * to list all spells.
Aiming: Slow
Press: ? - help, Shift-Dir - straight line, f/p - worker ant
Aim: a worker ant (chance to defeat MR: 50%)
The worker ant seems to slow down.
* * * LOW HITPOINT WARNING * * *
You feel sick. The worker ant bites you.
* * * LOW HITPOINT WARNING * * *
You are more poisoned.
The worker ant poisons you!
* * * LOW HITPOINT WARNING * * *
You feel sick.
You die...

#.# #....##### #.#
#.##...... ####.#
#.##..#### ##....#
#.##..####
#.....#####.##.....#
###...........###.##.#
#.......####### #.#.#.
#.##...## ###..# #
##@## #...## # #.#
#.#..# # #a# #>#.#.#
#.# #.#.##.#
#.###.#########...# #.
#.....##.....##..#####
#..#####.###..........
#. #.# #.......... #
#.###.##..####[


You could see a worker ant.

Vanquished Creatures
  The ghost of M4edhros the Ruffian, a weakling VSMo (D:3)
  Ijyb (D:2)
  A worker ant (D:4)
  An orc wizard (D:2)
  4 adders
  2 dart slugs
  3 leopard geckos
  5 bats (D:2)
  3 giant cockroaches (D:2)
  5 goblins
  6 hobgoblins
  4 kobolds
  A ball python (D:2)
  2 frilled lizards (D:2)
  2 rats
41 creatures vanquished.

Notes
Turn   | Place    | Note
-------+----------+-------------------------------------------
     0 | D:1      | McKennaii the High Elf Wizard began the quest for the Orb.
     0 | D:1      | Reached XP level 1. HP: 11/11 MP: 6/6
   181 | D:2      | Found a sparkling altar of Nemelex Xobeh.
   182 | D:2      | Found an opulent altar of Gozag.
   233 | D:2      | Reached skill level 4 in Spellcasting
   250 | D:2      | Reached XP level 2. HP: 9/17 MP: 0/8
   335 | D:2      | Found a sacrificial altar of Ru.
   448 | D:2      | Reached XP level 3. HP: 14/21 MP: 0/10
   497 | D:2      | Learned a level 3 spell: Conjure Flame
   709 | D:2      | Noticed Ijyb
   761 | D:2      | Killed Ijyb
   761 | D:2      | Reached skill level 5 in Spellcasting
   761 | D:2      | Reached XP level 4. HP: 27/27 MP: 0/12
   878 | D:3      | Noticed M4edhros's ghost (weakling VSMo)
   937 | D:3      | HP: 1/27 [ball python (1)]
  1204 | D:2      | Found a bloodstained altar of Trog.
  1403 | D:3      | Killed M4edhros's ghost
  1403 | D:3      | Reached XP level 5. HP: 31/31 MP: 0/13
  1660 | D:4      | Learned a level 2 spell: Slow
  1708 | D:4      | HP: 1/31 [poisoned by a worker ant]
  1709 | D:4      | Succumbed to a worker ant's poison

Skill      XL: |  1  2  3  4 |
---------------+-------------+-----
Spellcasting   | 4 5 |  5.5
Conjurations   | 2 |  2.7
Dodging        | |  2.9
Stealth        | |  2.9
Unarmed Combat | |  0.7
Summonings     | |  0.8
Translocations | |  1.1
Fire Magic     | |  0.2

Action                   |  1- 3 |  4- 6 || total
-------------------------+-------+-------++-------
Melee: Unarmed           |    19 |    13 ||    32
 Cast: Magic Dart        |    66 |    61 ||   127
       Conjure Flame     |     2 |     3 ||     5
       Slow              |       |     2 ||     2
  Use: Scroll            |     1 |     3 ||     4
       Potion            |     1 |       ||     1
 Stab: Invisible         |     2 |       ||     2
  Eat: Meat ration       |       |     1 ||     1
Armor: Robe              |     9 |     5 ||    14
Dodge: Dodged            |    24 |    38 ||    62
